 Dungeon Crawl Stone Soup version 0.26-a0-690-gcb57259078 (webtiles) character file.

Game seed: 17507604720776240973

144 karrick the Cudgeler (level 5, -2/32 HPs)
             Began as a Gargoyle Gladiator on Oct 25, 2020.
             Slain by a centaur (7 damage)
             ... on level 4 of the Dungeon.
             The game lasted 00:04:46 (3363 turns).

karrick the Cudgeler (Gargoyle Gladiator)           Turns: 3363, Time: 00:04:47

Health: -2/32      AC: 13    Str: 18    XL:     5   Next: 27%
Magic:  5/5        EV: 11    Int:  9    God:
Gold:   128        SH:  0    Dex: 11    Spells: 4/4 levels left

rFire    + . .     SeeInvis .   a - +1 flail
rCold    . . .     Faith    .   (no shield)
rNeg     + . .     Spirit   .   t - +2 ring mail {rF+}
rPois    ∞         Reflect  .   c - +0 helmet
rElec    +         Harm     .   (no cloak)
rCorr    .         Rampage  +   q - +0 pair of gloves of Depression {Rampage rElec rPois} (curse)
MR       .....                  (no boots)
Stlth    +.........             i - amulet of inaccuracy (curse)
HPRegen  0.10/turn              (no ring)
MPRegen  0.09/turn              (no ring)

@: about to teleport
A: negative energy resistance 1, electricity resistance, unbreathing,
petrification resistance, rot immunity, AC +4
a: no special abilities


You were on level 4 of the Dungeon.
You visited 1 branch of the dungeon, and saw 4 of its levels.

You collected 128 gold pieces.

Inventory:

Hand Weapons
 a - a +1 flail (weapon)
 b - the +6 hunting sling of Ruination {vorpal, Dex+4, unknown}
   (You found it on level 4 of the Dungeon)

   Any stone fired from it inflicts extra damage.
   It affects your dexterity (+4).
Missiles
 d - 3 throwing nets (quivered)
Armour
 c - a +0 helmet (worn)
 q - the cursed +0 pair of gloves of Depression (worn) {Rampage rElec rPois}
   (You found it on level 4 of the Dungeon)

   It insulates you from electricity.
   It protects you from poison.
   It bestows one free step when moving towards enemies.
   It has a curse placed upon it.
 t - a +2 ring mail of fire resistance (worn)
Jewellery
 e - an uncursed ring of protection from fire
 i - a cursed amulet of inaccuracy (around neck)
Wands
 m - a wand of enslavement (7)
Potions
 f - a potion of magic
 h - a potion of flight {unknown}
 j - a potion of curing {unknown}
 k - a potion of lignification {unknown}
 n - a potion of heal wounds {unknown}
 p - a potion of mutation {unknown}
 s - a potion of haste {unknown}


   Skills:
 + Level 3.1 Fighting
 + Level 4.2 Maces & Flails
 - Level 1.8 Throwing
 + Level 2.4 Armour
 - Level 2.8 Dodging
 + Level 0.5 Stealth


You had 4 spell levels left.
You didn't know any spells.
Your spell library contained the following spells:

 Spells                   Type           Power        Failure   Level
 Corona                   Hex            #......      56%         1
 Ensorcelled Hibernation  Hex/Ice        #.....       71%         2
 Confusing Touch          Hex            #.......     91%         3
 Dazzling Flash           Conj/Hex       #.....       91%         3
 Tukima's Dance           Hex            #.......     91%         3


Dungeon Overview and Level Annotations

Branches:
Dungeon (4/15)
 Temple: D:4-7

Altars:
Xom

Annotations:
D:2 1 runed translucent door, Crazy Yiuf
D:4 Blork the orc


Innate Abilities, Weirdness & Mutations

You are resistant to torment.
Your stone body is resilient. (AC +4)
You are immune to poison.
You resist negative energy. (rN+)
You are resistant to electric shocks. (rElec)
You can survive without breathing.
You are immune to petrification.
You are immune to rotting.


Message History

Deactivating autopickup; reactivate with Ctrl-A.
You barely miss the centaur.
The centaur hits you but does no damage.
The centaur hits you!
As you read the scroll of teleportation, it crumbles to dust.
You feel strangely unstable.
The centaur hits you but does no damage.
You hit the centaur but do no damage.
The centaur hits you but does no damage.
The centaur hits you.
* * * LOW HITPOINT WARNING * * *
You sock the centaur!
The centaur is heavily wounded.
The centaur closely misses you.
The centaur hits you but does no damage.
You sock the centaur!
The centaur is severely wounded.
The centaur hits you but does no damage.
The centaur hits you!
You die...

....#...........#
#..###..##.##.##
##..###..##.##.#
#....(..........
#.............. .
#..............
+.....(........
#.....(........
##..###@..####.
### #c..# .......
....<.....
...........
............
..##......... ...
#...###...


You could see a centaur.

Vanquished Creatures
  A hound (D:4)
  4 adders
  2 adder skeletons (D:4)
  A worm (D:3)
  A dart slug (D:1)
  3 leopard geckos
  A ball python (D:2)
  6 giant cockroaches
  5 goblins
  9 hobgoblins
  9 jackals
  6 kobolds
  A quokka (D:1)
  5 bats
  4 frilled lizards
  4 rats
62 creatures vanquished.

Notes
Turn   | Place    | Note
-------+----------+-------------------------------------------
     0 | D:1      | karrick the Gargoyle Gladiator began the quest for the Orb.
     0 | D:1      | Reached XP level 1. HP: 12/12 MP: 1/1
   262 | D:1      | Reached XP level 2. HP: 17/17 MP: 2/2
  1306 | D:2      | Reached XP level 3. HP: 17/22 MP: 3/3
  1312 | D:2      | Reached skill level 1 in Armour
  1741 | D:2      | Reached XP level 4. HP: 18/27 MP: 4/4
  2319 | D:2      | Found a runed translucent door.
  2320 | D:2      | Noticed Crazy Yiuf
  2675 | D:3      | Found a shimmering altar of Xom.
  3182 | D:3      | Reached skill level 4 in Maces & Flails
  3223 | D:4      | Got a pair of steaming gloves
  3240 | D:4      | Identified the cursed +0 pair of gloves of Depression
                  | {Rampage rElec rPois} (You found it on level 4 of the
                  | Dungeon)
  3338 | D:4      | Got an ichor-stained hunting sling
  3347 | D:4      | Reached XP level 5. HP: 20/32 MP: 5/5
  3354 | D:4      | Noticed a centaur
  3358 | D:4      | Noticed Blork the orc
  3363 | D:4      | Slain by a centaur

Illustrated notes

Levels and vault maps discovered:
D:1:      nicolae_arrival_memento_mori, layout_basic
D:2:      layout_rooms, grunt_ministairs_5, minmay_misc_feat_alley,
          uniq_crazy_yiuf_cottage
D:3:      minmay_door_path, layout_basic, nrook_mini_backslash, xom_teletrap_fun
D:4:      layout_gridville, makhleb_blood_cavern_becter, uniq_blork_the_orc,
          uniq_grinder

Skill      XL: |  1  2  3  4 |
---------------+-------------+-----
Armour         | 1 2 |  2.4
Maces & Flails | 4 |  4.2
Fighting       | 3 |  3.1
Throwing       | |  1.8
Dodging        | |  2.8
Stealth        | |  0.5

Action                   |  1- 3 |  4- 6 || total
-------------------------+-------+-------++-------
Melee: Flail             |   168 |   193 ||   361
  Use: Scroll            |     3 |     4 ||     7
Armor: Leather armour    |    99 |   112 ||   211
       Ring mail         |       |    13 ||    13
Dodge: Dodged            |   153 |   175 ||   328

Table legend: (Time is in decaauts)
 A = Elapsed time spent in this place.
 B = Non-inter-level travel time spent in this place.
 C = Inter-level travel time spent in this place.
 D = Time resting spent in this place.
 E = Time spent auto-exploring this place.
 F = Levels seen in this place.
 G = Mean time per level.
                   A        B        C        D        E       F      G
               +--------+--------+--------+--------+--------+-----+--------+
         Total |   3442 |   3382 |     60 |    359 |   2330 |   4 |  860.5 |
       Dungeon |   3442 |   3382 |     60 |    359 |   2330 |   4 |  860.5 |
               +--------+--------+--------+--------+--------+-----+--------+

Top non-repeatable levels by time:
     D:1: 1469 daAuts
     D:2: 1217 daAuts
     D:3: 607 daAuts
     D:4: 148 daAuts
